3R
WATFORD CITY TRASH PANDAS @ BALLARD BEAVERS
07/26/2041
 
TOP OF THE 1ST
Watford City Trash Pandas batting - Pitching for Ballard Beavers : LHP Mercedes Bvan
Pitching: LHP Mercedes Bvan
Batting: LHB Ambrose Norris 0-0: Ball
1-0: Foul Ball, location: 2F
1-1: Foul Ball, location: 2F
1-2: Foul Ball, location: 2F
1-2: Strikes out swinging
Batting: RHB Juan Morales 0-0: Swinging Strike
0-1: Fly out, F9 (Flyball, 9LM, EV 85.6 MPH)
Batting: LHB Ken Jackson 0-0: Ball
1-0: Ball
2-0: Ball
3-0: Base on Balls
Batting: LHB Alonso Mendos 0-0: Foul Ball, location: 2F
0-1: Fly out, F8 (Flyball, 8LS, EV 73.1 MPH)
Top of the 1st over - 0 runs, 0 hits, 0 errors, 1 left on base; Watford City 0 - Ballard 0
BOTTOM OF THE 1ST
Ballard Beavers batting - Pitching for Watford City Trash Pandas : RHP Shao-zu Chow
Pitching: RHP Shao-zu Chow
Batting: SHB Jaime Juárez 0-0: Called Strike
0-1: Fly out, F4 (Line Drive, 4, EV 71.2 MPH)
Batting: LHB Desi Liñares 0-0: Called Strike
0-1: Ball
1-1: Swinging Strike
1-2: Ball
2-2: Foul Ball, location: 2F
2-2: Strikes out looking
Batting: RHB Sergio Estrada 0-0: Swinging Strike
0-1: Foul Ball, location: 2F
0-2: Ball
1-2: Foul Ball, location: 2F
1-2: Strikes out swinging
Bottom of the 1st over - 0 runs, 0 hits, 0 errors, 0 left on base; Watford City 0 - Ballard 0
TOP OF THE 2ND
Watford City Trash Pandas batting - Pitching for Ballard Beavers : LHP Mercedes Bvan
Batting: RHB Yasuhiko Goto 0-0: Swinging Strike
0-1: Swinging Strike
0-2: Strikes out swinging
Batting: LHB Knud van den Bosch 0-0: Ball
1-0: TRIPLE (Line Drive, 9D, EV 105.0 MPH)
Batting: RHB Miguel Ávila 0-0: DOUBLE (Flyball, 8RD, EV 86.2 MPH)
Knud van den Bosch scores
Batting: LHB Marcos Vargas 0-0: Ball
1-0: Ball
2-0: Called Strike
2-1: DOUBLE (Line Drive, 89D, EV 103.1 MPH)
Miguel Ávila scores
Batting: LHB Don Hartman 0-0: Ball
1-0: Foul Ball, location: 2F
1-1: Foul Ball, location: 2F
1-2: Strikes out swinging
Batting: LHB Ambrose Norris 0-0: Reached on error, E3 (Groundball, 34, EV 93.8 MPH)
Marcos Vargas to third
Batting: RHB Juan Morales 0-0: Ball
1-0: Ball
2-0: Called Strike
2-1: Ball
3-1: Base on Balls
Ambrose Norris to second
Batting: LHB Ken Jackson 0-0: Fielders Choice at 2nd, 5-4 (Groundball, 5, EV 93.8 MPH)
Top of the 2nd over - 2 runs, 3 hits, 1 error, 3 left on base; Watford City 2 - Ballard 0
BOTTOM OF THE 2ND
Ballard Beavers batting - Pitching for Watford City Trash Pandas : RHP Shao-zu Chow
Batting: RHB Kevin Neal 0-0: Ball
1-0: Foul Ball, location: 2F
1-1: Swinging Strike
1-2: Ball
2-2: SINGLE (Groundball, 56D, EV 95.6 MPH)
Batting: RHB Rich Joyner 0-0: Fly out, F8 (Line Drive, 8LD, EV 92.5 MPH)
Batting: RHB Barry Miller 0-0: Called Strike
0-1: Ball
1-1: Grounds into double play, 6-4-3 (Groundball, 6, EV 97.5 MPH)
Bottom of the 2nd over - 0 runs, 1 hit, 0 errors, 0 left on base; Watford City 2 - Ballard 0
TOP OF THE 3RD
Watford City Trash Pandas batting - Pitching for Ballard Beavers : LHP Mercedes Bvan
Batting: LHB Alonso Mendos 0-0: Ground out 4-3 (Groundball, 4, EV 82.5 MPH)
Batting: RHB Yasuhiko Goto 0-0: Called Strike
0-1: Foul Ball, location: 2F
0-2: Ball
1-2: Strikes out swinging
Batting: LHB Knud van den Bosch 0-0: Ball
1-0: Foul Ball, location: 2F
1-1: Foul Ball, location: 2F
1-2: SINGLE (Groundball, 3, EV 111.9 MPH) (infield hit)
Batting: RHB Miguel Ávila 0-0: Foul Ball, location: 2F
0-1: Swinging Strike
0-2: Strikes out swinging, 2-3 out at first.
Top of the 3rd over - 0 runs, 1 hit, 0 errors, 1 left on base; Watford City 2 - Ballard 0
BOTTOM OF THE 3RD
Ballard Beavers batting - Pitching for Watford City Trash Pandas : RHP Shao-zu Chow
Batting: RHB John Reed 0-0: Ball
1-0: Foul Ball, location: 2F
1-1: Fly out, F9 (Flyball, 89M, EV 68.8 MPH)
Batting: LHB Hans Filemonsen 0-0: Called Strike
0-1: Ball
1-1: Ball
2-1: Called Strike
2-2: Fly out, F5 (Line Drive, 5, EV 73.1 MPH)
Batting: RHB Jim McDermott 0-0: Called Strike
0-1: Ball
1-1: Foul Ball, location: 2F
1-2: Strikes out swinging
Bottom of the 3rd over - 0 runs, 0 hits, 0 errors, 0 left on base; Watford City 2 - Ballard 0
TOP OF THE 4TH
Watford City Trash Pandas batting - Pitching for Ballard Beavers : LHP Mercedes Bvan
Batting: LHB Marcos Vargas 0-0: Called Strike
0-1: Ball
1-1: Swinging Strike
1-2: Foul Ball, location: 2F
1-2: Fly out, F8 (Flyball, 8RS, EV 90.0 MPH)
Batting: LHB Don Hartman 0-0: Ball
1-0: Swinging Strike
1-1: Called Strike
1-2: Strikes out looking
Batting: LHB Ambrose Norris 0-0: Called Strike
0-1: Foul Ball, location: 2F
0-2: Strikes out swinging
Top of the 4th over - 0 runs, 0 hits, 0 errors, 0 left on base; Watford City 2 - Ballard 0
BOTTOM OF THE 4TH
Ballard Beavers batting - Pitching for Watford City Trash Pandas : RHP Shao-zu Chow
Batting: SHB Jaime Juárez 0-0: Ground out 4-3 (Groundball, 4, EV 89.4 MPH)
Batting: LHB Desi Liñares 0-0: Swinging Strike
0-1: Ball
1-1: SINGLE (Groundball, 4MD, EV 106.2 MPH)
Batting: RHB Sergio Estrada 0-0: Swinging Strike
0-1: Fly out, F8 (Line Drive, 8LD, EV 90.0 MPH)
Batting: RHB Kevin Neal 0-0: Called Strike
0-1: Ball
1-1: Ball
2-1: Foul Ball, location: 2F
2-2: DOUBLE (Line Drive, 89XD, EV 100.6 MPH)
Desi Liñares to third
Runner from 3rd tries for Home, SAFE, throw by CF to trailing runner, SAFE at third!
Batting: RHB Rich Joyner 0-0: Swinging Strike
0-1: Foul Ball, location: 2F
0-2: Foul Ball, location: 2F
0-2: Ball
1-2: Foul Ball, location: 2F
1-2: Foul Ball, location: 2F
1-2: Foul Ball, location: 2F
1-2: Ground out 4-3 (Groundball, 34, EV 80.6 MPH)
Bottom of the 4th over - 1 run, 2 hits, 0 errors, 1 left on base; Watford City 2 - Ballard 1
TOP OF THE 5TH
Watford City Trash Pandas batting - Pitching for Ballard Beavers : LHP Mercedes Bvan
Batting: RHB Juan Morales 0-0: Ball
1-0: Ground out 6-3 (Groundball, 6, EV 86.9 MPH)
Batting: LHB Ken Jackson 0-0: Called Strike
0-1: Called Strike
0-2: Ball
1-2: Ball
2-2: Foul Ball, location: 2F
2-2: Strikes out swinging
Batting: LHB Alonso Mendos 0-0: Called Strike
0-1: Swinging Strike
0-2: Ball
1-2: Strikes out swinging
Top of the 5th over - 0 runs, 0 hits, 0 errors, 0 left on base; Watford City 2 - Ballard 1
BOTTOM OF THE 5TH
Ballard Beavers batting - Pitching for Watford City Trash Pandas : RHP Shao-zu Chow
Batting: RHB Barry Miller 0-0: Called Strike
0-1: Swinging Strike
0-2: Ground out U3 (Groundball, 3, EV 87.5 MPH)
Batting: RHB John Reed 0-0: Called Strike
0-1: Fly out, F9 (Flyball, 9S, EV 76.2 MPH)
Batting: LHB Hans Filemonsen 0-0: Called Strike
0-1: Ball
1-1: Foul Ball, location: 2F
1-2: Strikes out looking
Bottom of the 5th over - 0 runs, 0 hits, 0 errors, 0 left on base; Watford City 2 - Ballard 1
TOP OF THE 6TH
Watford City Trash Pandas batting - Pitching for Ballard Beavers : LHP Mercedes Bvan
Batting: RHB Yasuhiko Goto 0-0: Ball
1-0: DOUBLE (Line Drive, 9LS, EV 93.1 MPH)
Batting: LHB Knud van den Bosch 0-0: TRIPLE (Flyball, 89XD, EV 87.5 MPH)
Yasuhiko Goto scores
Batting: RHB Miguel Ávila 0-0: Intentional Walk
Batting: LHB Marcos Vargas 0-0: Called Strike
0-1: Called Strike
0-2: Ball
1-2: Ball
2-2: Ball
3-2: Strikes out swinging
Pitching: RHP Gianlorenzo Albertini
Batting: LHB Don Hartman 0-0: Ball
1-0: Swinging Strike
1-1: Ball
2-1: Fly out, F8 (Flyball, 89M, EV 91.9 MPH)
Runner from 3rd tags up, SCORES, throw by CF
Batting: LHB Ambrose Norris 0-0: Ball
1-0: Called Strike
1-1: Fly out, F8 (Flyball, 8LD, EV 86.9 MPH)
Top of the 6th over - 2 runs, 2 hits, 0 errors, 1 left on base; Watford City 4 - Ballard 1
BOTTOM OF THE 6TH
Ballard Beavers batting - Pitching for Watford City Trash Pandas : RHP Shao-zu Chow
Batting: RHB Jim McDermott 0-0: Called Strike
0-1: Called Strike
0-2: Ground out 6-3 (Groundball, 6, EV 81.2 MPH)
Batting: SHB Jaime Juárez 0-0: Called Strike
0-1: Foul Ball, location: 2F
0-2: Ball
1-2: Ball
2-2: Ground out 4-3 (Groundball, 4M, EV 86.2 MPH)
Batting: LHB Desi Liñares 0-0: Ball
1-0: Called Strike
1-1: Foul Ball, location: 2F
1-2: Ball
2-2: Ball
3-2: DOUBLE (Groundball, 3L, EV 102.5 MPH)
Pitching: RHP Edgardo López
Batting: RHB Sergio Estrada 0-0: Ball
1-0: Ball
2-0: Swinging Strike
2-1: Foul Ball, location: 2F
2-2: Foul Ball, location: 2F
2-2: Ball
3-2: Foul Ball, location: 2F
3-2: Fly out, F9 (Line Drive, 9D, EV 89.4 MPH)
Bottom of the 6th over - 0 runs, 1 hit, 0 errors, 1 left on base; Watford City 4 - Ballard 1
TOP OF THE 7TH
Watford City Trash Pandas batting - Pitching for Ballard Beavers : RHP Gianlorenzo Albertini
Batting: RHB Juan Morales 0-0: Ball
1-0: Ball
2-0: SINGLE (Groundball, 3D, EV 94.4 MPH)
Batting: LHB Ken Jackson 0-0: Fielders Choice at 2nd, 1-6 (Groundball, 13S, EV 64.4 MPH)
Batting: LHB Alonso Mendos 0-0: Ball
1-0: SINGLE (Groundball, 34D, EV 108.1 MPH)
Ken Jackson to second
Runner from 2nd tries for 3rd, SAFE, throw by RF made to third
Batting: RHB Yasuhiko Goto 0-0: Ball
1-0: Foul Ball, location: 2F
1-1: Ball
2-1: Foul Ball, location: 2F
2-2: Ball
3-2: SINGLE (Flyball, 78M, EV 88.1 MPH)
Ken Jackson scores
Alonso Mendos to second
Batting: LHB Knud van den Bosch 0-0: Ball
1-0: Foul Ball, location: 2F
1-1: Ball
2-1: Fly out, F8 (Flyball, 8LS, EV 86.2 MPH)
Batting: RHB Miguel Ávila 0-0: Called Strike
0-1: Foul Ball, location: 2F
0-2: Ball
1-2: Ball
2-2: Strikes out looking
Top of the 7th over - 1 run, 3 hits, 0 errors, 2 left on base; Watford City 5 - Ballard 1
BOTTOM OF THE 7TH
Ballard Beavers batting - Pitching for Watford City Trash Pandas : RHP Edgardo López
Now at SS: Jimmy McComb
Batting: RHB Kevin Neal 0-0: Ball
1-0: Called Strike
1-1: Foul Ball, location: 2F
1-2: Strikes out swinging
Batting: RHB Rich Joyner 0-0: Called Strike
0-1: Ball
1-1: Foul Ball, location: 2F
1-2: Strikes out looking
Batting: RHB Barry Miller 0-0: Called Strike
0-1: Ball
1-1: Ball
2-1: Called Strike
2-2: Foul Ball, location: 2F
2-2: SINGLE (Line Drive, 7S, EV 92.5 MPH)
Batting: RHB John Reed 0-0: Foul Ball, location: 2F
0-1: Foul Ball, location: 2F
0-2: Ball
1-2: Ball
2-2: Ball
3-2: Foul Ball, location: 2F
3-2: Fly out, F7 (Line Drive, 7, EV 100.0 MPH)
Bottom of the 7th over - 0 runs, 1 hit, 0 errors, 1 left on base; Watford City 5 - Ballard 1
TOP OF THE 8TH
Watford City Trash Pandas batting - Pitching for Ballard Beavers : RHP Gianlorenzo Albertini
Batting: LHB Marcos Vargas 0-0: Called Strike
0-1: Foul Ball, location: 2F
0-2: Foul Ball, location: 2F
0-2: Ball
1-2: Strikes out swinging
Batting: LHB Don Hartman 0-0: Ball
1-0: Fly out, F8 (Line Drive, 8LD, EV 93.1 MPH)
Batting: LHB Ambrose Norris 0-0: Called Strike
0-1: Ball
1-1: Called Strike
1-2: Foul Ball, location: 2F
1-2: SINGLE (Groundball, 34D, EV 101.2 MPH)
Batting: RHB Juan Morales 0-0: Ball
Ambrose Norris steals 2nd base
1-0: Ball
2-0: Called Strike
2-1: Ball
3-1: SINGLE (Groundball, 34, EV 87.5 MPH) (infield hit)
Ambrose Norris to third
Batting: LHB Ken Jackson 0-0: Ball
1-0: Called Strike
1-1: Foul Ball, location: 2F
1-2: Ball
2-2: Strikes out swinging
Top of the 8th over - 0 runs, 2 hits, 0 errors, 2 left on base; Watford City 5 - Ballard 1
BOTTOM OF THE 8TH
Ballard Beavers batting - Pitching for Watford City Trash Pandas : RHP Edgardo López
Batting: LHB Hans Filemonsen 0-0: Called Strike
0-1: Foul Ball, location: 5F, Error on foul ball, E5
0-2: Strikes out swinging
Batting: RHB Jim McDermott 0-0: Ball
1-0: Ball
2-0: Ball
3-0: Called Strike
3-1: Base on Balls
Batting: SHB Jaime Juárez 0-0: Ball
Wild Pitch!
Jim McDermott to second
1-0: Ground out 1-3 (Groundball, 23, EV 63.8 MPH)
Jim McDermott to third
Batting: LHB Desi Liñares 0-0: Foul Ball, location: 2F
0-1: Foul Ball, location: 2F
0-2: Ball
1-2: SINGLE (Groundball, 56, EV 105.6 MPH)
Jim McDermott scores
Batting: RHB Sergio Estrada 0-0: Ball
1-0: Called Strike
1-1: Ground out 2-3 (Groundball, 15S, EV 70.6 MPH)
Bottom of the 8th over - 1 run, 1 hit, 1 error, 1 left on base; Watford City 5 - Ballard 2
TOP OF THE 9TH
Watford City Trash Pandas batting - Pitching for Ballard Beavers : RHP Gianlorenzo Albertini
Batting: LHB Jimmy McComb 0-0: Foul Ball, location: 2F
0-1: Ball
1-1: SINGLE (Line Drive, 89M, EV 98.1 MPH)
Pitching: RHP Joe Kelly
Batting: RHB Yasuhiko Goto 0-0: Ball
1-0: Called Strike
1-1: Foul Ball, location: 2F
1-2: Ball
2-2: Ball
3-2: Foul Ball, location: 2F
3-2: SINGLE (Groundball, 56D, EV 111.9 MPH)
Jimmy McComb to second
Batting: LHB Knud van den Bosch 0-0: SINGLE (Flyball, 8RS, EV 93.1 MPH)
Jimmy McComb to third
Yasuhiko Goto to second
Batting: RHB Miguel Ávila 0-0: Called Strike
0-1: Ball
1-1: Fly out, F7 (Flyball, 78M, EV 80.6 MPH)
Runner from 3rd tags up, SCORES, throw by LF
Batting: LHB Marcos Vargas 0-0: Fly out, F8 (Line Drive, 8LM, EV 103.8 MPH)
Batting: LHB Don Hartman 0-0: Called Strike
0-1: Ball
1-1: Foul Ball, location: 2F
1-2: Ball
2-2: Strikes out swinging
Top of the 9th over - 1 run, 3 hits, 0 errors, 2 left on base; Watford City 6 - Ballard 2
BOTTOM OF THE 9TH
Ballard Beavers batting - Pitching for Watford City Trash Pandas : RHP Edgardo López
Pitching: RHP Juan González
Batting: RHB Kevin Neal 0-0: Called Strike
0-1: Foul Ball, location: 2F
0-2: Foul Ball, location: 2F
0-2: Ball
1-2: Ball
2-2: Foul Ball, location: 2F
2-2: Ball
3-2: Foul Ball, location: 2F
3-2: DOUBLE (Flyball, 7LD, EV 92.5 MPH)
Batting: RHB Rich Joyner 0-0: Hit by Pitch
Batting: RHB Barry Miller 0-0: Ball
1-0: Foul Ball, location: 2F
1-1: Ball
2-1: Grounds into double play, 5-4-3 (Groundball, 56, EV 84.4 MPH)
Kevin Neal to third
Batting: RHB John Reed 0-0: Ball
1-0: Swinging Strike
1-1: Ball
2-1: Foul Ball, location: 2F
2-2: Ball
3-2: Strikes out swinging
Bottom of the 9th over - 0 runs, 1 hit, 0 errors, 1 left on base; Watford City 6 - Ballard 2
Tuesday, January 5th, 2021 - OOTP Baseball 20.8 Build 74